 Dungeon Crawl Stone Soup version 0.25.0-11-g1f837a76a1 (webtiles) character file.

Game seed: 4221085099346627661

1346 Kold the Changer (level 8, 0/48 HPs)
             Began as an Octopode Transmuter on June 24, 2020.
             Was an Initiate of Cheibriados.
             Slain by an orc warrior
             ... wielding a +0 battleaxe
              (11 damage)
             ... on level 5 of the Dungeon.
             The game lasted 00:12:08 (6551 turns).

Kold the Changer (Octopode Transmuter)              Turns: 6551, Time: 00:12:10

Health: 0/48       AC:  1    Str: 10    XL:     8   Next: 62%
Magic:  11/11      EV: 14    Int: 19    God:    Cheibriados [......]
Gold:   266        SH:  0    Dex: 19    Spells: 5/11 levels left

rFire    . . .     SeeInvis .   v - +7 long sword of Yckygyasm {elec, rPois}
rCold    . . .     Gourm    .   (no shield)
rNeg     . . .     Faith    .   (helmet restricted)
rPois    +         Spirit   .   (no amulet)
rElec    .         Reflect  .   m - +6 ring of dexterity
rCorr    .         Harm     .   r - ring of wizardry
MR       .....                  (no ring)
Stlth    +++.......             (no ring)
HPRegen  0.16/turn              (no ring)
MPRegen  0.12/turn              (no ring)
                                (no ring)
                                (no ring)

@: very slow
A: almost no armour, stealthy swim, amphibious, 8 rings, constrict 8, camouflage
1, gelatinous body 1
a: Bend Time, Renounce Religion


You were on level 5 of the Dungeon.
You worshipped Cheibriados.
Cheibriados was noncommittal.
You were not hungry.

You visited 2 branches of the dungeon, and saw 7 of its levels.

You collected 266 gold pieces.

Inventory:

Hand Weapons
 v - the +7 long sword of Yckygyasm (weapon) {elec, rPois}
   (You found it on level 5 of the Dungeon)

   Occasionally, upon striking a foe, it will discharge some electrical energy
   and cause terrible harm.
   It protects you from poison.
Missiles
 a - 127 arrows
Jewellery
 b - an uncursed amulet of guardian spirit
 g - an uncursed ring of ice
 m - a +6 ring of dexterity (left tentacle)
 r - a ring of wizardry (right tentacle)
Wands
 t - a wand of random effects (15)
 x - a wand of paralysis (1)
 y - a wand of acid (6)
Scrolls
 e - 2 scrolls of remove curse
Potions
 j - 2 potions of flight
 k - a potion of stabbing
 l - a potion of invisibility
 q - a potion of resistance
 z - a potion of heal wounds
Comestibles
 c - 5 rations


   Skills:
 - Level 1.0 Fighting
 + Level 1.9 Long Blades
 - Level 2.0 Dodging
 - Level 2.0 Stealth
 - Level 6.7 Unarmed Combat
 - Level 2.0 Spellcasting
 + Level 7.5 Transmutations
 - Level 3.0 Poison Magic


You had 5 spell levels left.
You knew the following spells:

 Your Spells              Type           Power        Failure   Level  Hunger
a - Beastly Appendage     Tmut           ####..       1%          1    #......
b - Sticks to Snakes      Tmut           ####....     1%          2    ###....
c - Spider Form           Tmut/Pois      ###.......   2%          3    ###....

Your spell library contained the following spells:

 Spells                   Type           Power        Failure   Level  Hunger
 Blade Hands              Tmut           ####......   9%          5    ######.
 Ice Form                 Ice/Tmut       ###.....     14%         4    #####..


Dungeon Overview and Level Annotations

Branches:
Dungeon (6/15)             Temple (1/1) D:5

Altars:
Ashenzari
Cheibriados
Dithmenos
Elyvilon
Fedhas
Gozag
Hepliaklqana
Kikubaaqudgha
Makhleb
Nemelex Xobeh
Okawaru
Qazlal
Ru
Sif Muna
Trog
Uskayaw
Vehumet
Wu Jian
Xom
Yredelemnul
Zin
The Shining One

Shops:
D:5 }

Annotations:
D:4 1 runed translucent door, Crazy Yiuf


Innate Abilities, Weirdness & Mutations

You cannot wear most types of armour.
You are very stealthy in the water. (Stealth+)
You are amphibious.
You can wear up to eight rings at the same time.
You can use your tentacles to constrict eight enemies at once.
Your skin changes colour to match your surroundings (Stealth+).
Your rubbery body absorbs attacks. (AC +1, EV +1)


Message History

The orc warrior is moderately wounded.
The jelly misses you. The orc wizard misses you.
You climb upwards.
There is a stone staircase leading down here.
Okay, then.
You slash the orc warrior! You grab the orc warrior.
The orc warrior is heavily wounded.
You constrict the orc warrior, but do no damage.
The orc wizard hits you with a +0 dagger.
The jelly misses you.
You riposte.
You slash the jelly! You squeeze the jelly.
The jelly is severely wounded.
The orc warrior hits you with a +0 battleaxe.
The orc wizard barely misses you.
You fail to use your ability.
You constrict the orc warrior, but do no damage.
The orc wizard hits you with a +0 dagger.
The jelly hits you.
You are splashed with acid!
* * * LOW HITPOINT WARNING * * *
The orc warrior hits you with a +0 battleaxe!
You die...

......)######....# ##...##
.................# ##.....##
..............#..# #...#...######
..............#..###..###.......#
.###...###..).#..##..## ##.......
.#≈≈...≈≈#....#..##..# #...##..
.#≈..♣..≈#....[<.##..# #..####.
.............###o##..# #..####.
...♣._.♣.......J@##..# #...##..
..........##.###o##..## ##.......
.#≈..♣..≈###.# #.###..###.......#
##≈≈...≈≈# #.# #.# #...#...######
###...### #.# #.# ##.....## #
##.## #.# #.# ##...## #
#.######.# #.# ##..### #
#......#.# #.# ##...##### #
####.#...# #.# ##......#


You could see an orc warrior, a jelly and an orc wizard (fast).

Vanquished Creatures
  Sigmund (D:2)
  Edmund (D:5)
  A water moccasin (D:5)
  Purgy (D:3)
  A necrophage (D:5)
  An ogre (D:4)
  A scorpion (D:4)
  2 howler monkeys
  2 crimson imps (D:5)
  A hound (D:4)
  3 orc priests
  2 orc wizards
  A centaur skeleton (D:4)
  An iguana (D:4)
  Terence (D:2)
  A worker ant (D:5)
  3 gnolls (D:4)
  11 adders
  2 oozes
  2 worms
  A dart slug (D:2)
  3 leopard geckos
  16 orcs
  5 giant cockroaches
  6 hobgoblins
  A quokka (D:2)
  A ball python (D:5)
  A ball python zombie (D:5)
  3 bats (D:2)
  5 frilled lizards
  9 goblins
  A jackal skeleton (D:5)
  3 kobolds
  6 rats
100 creatures vanquished.

Vanquished Creatures (others)
  A quokka (D:5)
  A fungus (D:4)
2 creatures vanquished.

Grand Total: 102 creatures vanquished

Notes
Turn   | Place    | Note
-------+----------+-------------------------------------------
     0 | D:1      | Kold the Octopode Transmuter began the quest for the Orb.
     0 | D:1      | Reached XP level 1. HP: 13/13 MP: 3/3
   389 | D:1      | Reached skill level 1 in Stealth
   491 | D:1      | Reached XP level 2. HP: 17/18 MP: 3/5
  1017 | D:2      | Noticed Terence
  1022 | D:2      | Noticed Sigmund
  1354 | D:2      | Killed Sigmund
  1354 | D:2      | Reached skill level 4 in Transmutations
  1354 | D:2      | Reached XP level 3. HP: 2/23 MP: 4/6
  1354 | D:2      | Reached XP level 4. HP: 3/28 MP: 4/7
  1354 | D:2      | Reached XP level 5. HP: 4/33 MP: 4/8
  1629 | D:2      | Killed Terence
  2104 | D:2      | Reached XP level 6. HP: 38/38 MP: 7/9
  2465 | D:3      | Reached skill level 5 in Unarmed Combat
  2746 | D:3      | Learned a level 2 spell: Sticks to Snakes
  2750 | D:3      | Learned a level 3 spell: Spider Form
  3422 | D:4      | Reached skill level 5 in Transmutations
  3434 | D:4      | Reached XP level 7. HP: 20/43 MP: 10/10
  4063 | D:4      | Reached skill level 1 in Poison Magic
  4103 | D:4      | Found a runed translucent door.
  4104 | D:4      | Noticed Crazy Yiuf
  4452 | D:4      | Noticed Purgy
  4490 | D:3      | Killed Purgy
  4490 | D:3      | Reached skill level 6 in Transmutations
  4878 | D:5      | Entered Level 5 of the Dungeon
  5058 | D:5      | Reached XP level 8. HP: 29/47 MP: 9/11
  5458 | D:5      | Got a warped long sword
  5459 | D:5      | Identified the +7 long sword of Yckygyasm {elec, rPois}
                  | (You found it on level 5 of the Dungeon)
  5464 | D:5      | Found Plog's Gadget Boutique.
  5603 | D:5      | Found a white marble altar of Elyvilon.
  5631 | D:5      | Noticed Edmund
  5644 | D:5      | Killed Edmund
  5644 | D:5      | Reached skill level 7 in Transmutations
  6016 | D:5      | Found a staircase to the Ecumenical Temple.
  6022 | Temple   | Entered the Ecumenical Temple
  6054 | Temple   | Became a worshipper of Cheibriados the Contemplative
  6170 | D:5      | Reached skill level 1 in Long Blades
  6551 | D:5      | Slain by an orc warrior

Illustrated notes

Levels and vault maps discovered:
D:1:      nicolae_arrival_washed_ashore, layout_basic
D:2:      layout_basic, uniq_terence, uniq_sigmund
D:3:      layout_loops_ring
D:4:      layout_cave_pods, first_ration, uniq_crazy_yiuf_cottage, uniq_purgy
D:5:      layout_basic, elyvilon_altar_4, minmay_temple_entry_enclosed_plants,
          serial_shops, kennysheep_mini, nicolae_sextant, serial_bayou_pond_a,
          uniq_edmund
D:6:      layout_cave_pods, serial_shops, nicolae_shop_crystal
Temple:   nicolae_temple_the_god_donut

Skill      XL: |  1  2  3  4  5  6  7  8 |
---------------+-------------------------+-----
Stealth        | 1 2 |  2.0
Unarmed Combat | 4 5 6 |  6.7
Transmutations | 4 5 6 7 |  7.5
Poison Magic   | 3 |  3.0
Long Blades    | 1 |  1.9
Fighting       | |  1.0
Dodging        | |  2.0
Spellcasting   | |  2.0

Action                   |  1- 3 |  4- 6 |  7- 9 || total
-------------------------+-------+-------+-------++-------
Melee: Unarmed           |    24 |   103 |    82 ||   209
       Constrict         |     5 |    30 |    23 ||    58
       Kick              |     5 |    11 |    18 ||    34
       Tentacles         |     5 |    21 |    25 ||    51
       Punch             |       |     4 |     3 ||     7
       Long sword        |       |       |    24 ||    24
 Cast: Beastly Appendage |     7 |    11 |    14 ||    32
       Sticks to Snakes  |       |       |     2 ||     2
       Spider Form       |       |       |     1 ||     1
  Use: Scroll            |       |     1 |     9 ||    10
       Potion            |       |       |     5 ||     5
 Stab: Sleeping          |     3 |     9 |     6 ||    18
       Distracted        |       |     1 |       ||     1
  Eat: Chunk             |     1 |     3 |     9 ||    13
       Ration            |       |     1 |     1 ||     2
Armor: Skin              |       |     4 |     7 ||    11
Dodge: Dodged            |    14 |    47 |    92 ||   153
       Rpst.: Long sword |       |       |    11 ||    11
